 Dungeon Crawl Stone Soup version 0.28.0-53-g5a82cb258f (webtiles) character file.

Game seed: 10947013815010233723

64 fingers the Cudgeller (level 3, 0/33 HPs)
             Began as a Draconian Berserker on May 20, 2022.
             Was a Follower of Trog.
             Succumbed to an adder's poison
             ... on level 4 of the Dungeon.
             The game lasted 00:06:11 (1199 turns).

fingers the Cudgeller (Draconian Berserker)         Turns: 1199, Time: 00:06:11

Health: 0/33       AC:  9    Str: 21    XL:     3   Next: 91%
Magic:  3/3        EV: 12    Int:  7    God:    Trog [*.....]
Gold:   66         SH:  0    Dex: 10    Spells: 2/2 levels left

rFire   . . .      SeeInvis .   a - +0 mace
rCold   . . .      Faith    .   (no shield)
rNeg    . . .      Spirit   .   (armour unavailable)
rPois   .          Reflect  .   (helmet restricted)
rElec   .          Harm     .   (no cloak)
rCorr   .          Rampage  .   (no gloves)
Will    .....                   (no boots)
Stlth   +.........              (no amulet)
HPRegen 0.11/turn               d - +4 ring of protection
MPRegen 0.08/turn               (no ring)

@: lethally poisoned (0 -> -1)
A: AC +5, unfitting armour, cold-blooded
a: Renounce Religion, Berserk


You were on level 4 of the Dungeon.
You worshipped Trog.
Trog was aware of your devotion.
You visited 1 branch of the dungeon, and saw 4 of its levels.

You collected 66 gold pieces.

Inventory:

Hand Weapons
 a - a +0 mace (weapon)
 e - a +0 club
Armour
 c - a +0 chain mail
Jewellery
 d - a +4 ring of protection (left hand)


   Skills:
 + Level 3.9 Fighting
 + Level 3.9 Maces & Flails
 + Level 3.3 Dodging


You had 2 spell levels left.
You didn't know any spells.
Your spell library contained the following spells:

 Spells                   Type           Power      Damage    Failure   Level
 Magic Dart               Conj           0%         1d3       43%         1
 Searing Ray              Conj           0%         2d4       56%         2
 Fulminant Prism          Conj/Hex       0%         3d6       99%         4


Dungeon Overview and Level Annotations

Branches:
Dungeon (4/15)
 Temple: D:4-7

Altars:


Innate Abilities, Weirdness & Mutations

Your plain brown scales are hard. (AC +5)
You cannot fit into any form of body armour.
You are cold-blooded and may be slowed by cold attacks.


Message History

You open the door.
There is an open door here.
Found a fizzy puce potion.
You open the door.
A jelly comes into view.
An adder comes into view.
Found a knobbly ivory ring.
Found a robe.
You thump the jelly!
Your hands burn!
The jelly is moderately wounded.
The adder bites you.
You are poisoned.
The adder poisons you! The jelly hits you but does no damage.
The adder barely misses you.
You closely miss the adder.
You feel sick. The jelly barely misses you.
The adder bites you but does no damage.
You hit the jelly.
Your hands burn!
The jelly is moderately wounded.
You feel sick.
A ball python comes into view.
The adder bites you. The jelly hits you but does no damage.
The adder bites you but does no damage. The jelly hits you.
You are splashed with acid!
The ball python moves out of view.
You sock the jelly!
Your hands burn!
* * * LOW HITPOINT WARNING * * *
You tail-slap the jelly.
The jelly is severely wounded.
You feel sick. The adder bites you but does no damage.
The jelly completely misses you.
As you read the scroll labelled MATIACK VEIJ, it crumbles to dust.
It is a scroll of identify.
You don't have any unidentified items.
You feel sick.
The ball python hisses angrily.
The adder bites you but does no damage. The jelly hits you but does no damage.
The adder bites you but does no damage.
You hit the jelly.
Your hands burn!
* * * LOW HITPOINT WARNING * * *
The jelly is almost dead.
You die...

....####.. #
......!..##### .
.........#...# .
.=.......#... .
.........#..####### .
[........##'#......
.......J...........
#....S@...........
#.................
#......................
#......................
#.......##'###+#......#
..S#######...#..#......#
... #....#..#......# ..
#....#..#......#
#....#..#......#


You could see a jelly, an adder and a ball python.

Vanquished Creatures
  An iguana (D:4)
  2 adders (D:3)
  2 dart slugs (D:4)
  3 ball pythons
  3 endoplasms
  2 goblins
  A frilled lizard (D:1)
  3 kobolds
  A rat (D:1)
18 creatures vanquished.

Vanquished Creatures (others)
  A plant (D:4)
1 creature vanquished.

Grand Total: 19 creatures vanquished

Notes
Turn   | Place    | Note
-------+----------+-------------------------------------------
     0 | D:1      | fingers the Draconian Berserker began the quest for the
                  | Orb.
     0 | D:1      | Reached XP level 1. HP: 19/19 MP: 1/1
   597 | D:3      | Reached XP level 2. HP: 26/26 MP: 2/2
   745 | D:3      | Reached XP level 3. HP: 27/31 MP: 3/3
  1199 | D:4      | HP: 1/33 [acid (2)]
  1199 | D:4      | Succumbed to an adder's poison

Illustrated notes

Levels and vault maps discovered:
D:1:      giann_wishing_wells, layout_basic, basic_ecumenical_altar
D:2:      layout_loops_ring, serial_aquarium, aquarium_bridge_square
          [aquarium_subvault_bridge, aquarium_subvault_window,
          aquarium_subvault_wall, aquarium_subvault_bridge],
          aquarium_window_fake, aquarium_window_2, aquarium_window_1,
          aquarium_view_2g, aquarium_balcony_3a, aquarium_pool_2
D:3:      layout_basic, mainiacjoe_overflow_tiny_flanked, uniq_jessica
D:4:      layout_gridville, grunt_temple_overflow_champion_of_chaos,
          minmay_temple_entry_gardened_gates

Skill      XL: |  1  2 |
---------------+-------+-----
Dodging        | 3 |  3.3
Fighting       | |  3.9
Maces & Flails | |  3.9

Action                   || total
-------------------------++-------
Melee: Mace              ||    54
       Tailslap          ||     6
  Use: Scroll            ||     1
Armor: Skin              ||    26
Dodge: Dodged            ||    29
